 Dungeon Crawl Stone Soup version 0.21-a0-404-g291f19a (webtiles) character file.

39 Insomnius the Skirmisher (level 3, -4/34 HPs)
             Began as a Naga Abyssal Knight on Oct 30, 2017.
             Slain by a gnoll (6 damage)
             ... on level 1 of the Dungeon.
             The game lasted 00:07:30 (1454 turns).

Insomnius the Skirmisher (Naga Abyssal Knight)      Turns: 1454, Time: 00:07:31

Health: -4/34      AC:  2    Str: 14    XL:     3   Next: 47%
Magic:  4/4        EV: 10    Int: 12    God:
Gold:   58         SH:  0    Dex: 11    Spells: 2/2 levels left

rFire    . . .     SeeInvis +   a - +1 falchion
rCold    . . .     Gourm    .   (no shield)
rNeg     . . .     Faith    .   b - +0 leather armour
rPois    +         Spirit   .   (no helmet)
rElec    .         Reflect  .   (no cloak)
rCorr    .         Harm     .   (no gloves)
MR       .....                  (no barding)
Stlth    +.........             (no amulet)
HPRegen  0.11/turn              j - +1 ring of evasion
MPRegen  0.09/turn              (no ring)

@: very slow
A: see invisible, deformed body, poison resistance, slowness 2, slow metabolism
1, spit poison 1, AC +1
a: Spit Poison


You were on level 1 of the Dungeon.
You were not hungry.

You visited 1 branch of the dungeon, and saw 2 of its levels.
You visited the Abyss 1 time.

You collected 58 gold pieces.

Inventory:

Hand Weapons
 a - a +1 falchion (weapon)
Missiles
 h - 14 bolts
Armour
 b - a +0 leather armour (worn)
Jewellery
 j - a +1 ring of evasion (left hand)
Scrolls
 e - 2 scrolls of teleportation {unknown}
 g - 4 scrolls of identify {unknown}
 l - a scroll of remove curse {unknown}
Potions
 d - a potion of heal wounds {unknown}
 i - a potion of lignification {unknown}
Comestibles
 c - a bread ration
 f - a royal jelly
 k - a meat ration


   Skills:
 - Level 3.6 Fighting
 + Level 2.6 Long Blades
 - Level 1.7 Armour
 - Level 1.0 Dodging
   Level 2.2 Invocations


You had 2 spell levels left.
You didn't know any spells.

Dungeon Overview and Level Annotations

Branches:
Dungeon (2/15)

Altars:

Annotations:
D:1 Terence


Innate Abilities, Weirdness & Mutations

You cannot wear boots.
Your serpentine skin is tough. (AC +1)
You have supernaturally acute eyesight. (SInv)
Armour fits poorly on your strangely shaped body.
Your system is resistant to poisons. (rPois)
You cover ground very slowly.
You have a slow metabolism.
You can spit poison.


Message History

The gnoll is heavily wounded.
You hit Terence.
Terence is heavily wounded.
Terence hits you with a falchion. The gnoll hits you!
* * * LOW HITPOINT WARNING * * *
You hit Terence but do no damage.
Terence is heavily wounded.
The gnoll barely misses you.
You riposte.
You hit the gnoll.
The gnoll is severely wounded.
Terence closely misses you.
You hit Terence but do no damage.
Terence is heavily wounded.
You have got your breath back.
The gnoll hits you!
* * * LOW HITPOINT WARNING * * *
Terence closely misses you. The gnoll closely misses you.
You hit Terence.
Terence is heavily wounded.
Terence misses you. The gnoll hits you.
You die...

#.#..####.###..#...###.#
#.#.......# #..#....##.#
.....########......###.#
...............#.#.....#
...##.##...............#
...##.##.#.....#######.#
#.###.##............##.#
#.....##...#..#.#.####(#
................@@.# #.#
########...#...g######.#
#######...#...........#
#.........#.....#######
##.##......#.....###
#.....###..........#
...#### #########..#
##.### #.....# #..#
.....# ##.8.8.###..#


You could see Terence and a gnoll.

Vanquished Creatures
  A gnoll (D:1)
  An ooze (D:1)
  A dart slug (D:1)
  4 bats (D:1)
  A giant cockroach (D:1)
  2 goblins (D:1)
  2 hobgoblins (D:1)
  4 frilled lizards (D:1)
  5 kobolds (D:1)
  6 rats (D:1)
27 creatures vanquished.

Notes
Turn   | Place    | Note
-------+----------+-------------------------------------------
     0 | Abyss:1  | Insomnius the Naga Abyssal Knight began the quest for the Orb.
     0 | Abyss:1  | Reached XP level 1. HP: 21/21 MP: 2/2
    11 | D:1      | Escaped the Abyss
    18 | D:1      | Noticed a hog
    18 | D:1      | Noticed a polar bear
    18 | D:1      | Noticed a rime drake
    18 | D:1      | Noticed a lindwurm
   217 | D:2      | Noticed Terence
   223 | D:1      | Reached XP level 2. HP: 5/28 MP: 3/3
   485 | D:1      | Reached skill level 1 in Dodging
   774 | D:1      | Reached XP level 3. HP: 20/34 MP: 4/4
   777 | D:1      | Fell from the grace of Lugonu
  1454 | D:1      | Slain by a gnoll

Vault maps used:
D:1:      onia_arrival_zoo_common, st_stairs_13
D:2:      uniq_terence, uniq_crazy_yiuf_cottage

Skill      XL: |  1  2 |
---------------+-------+-----
Dodging        | 1 |  1.0
Fighting       | |  3.6
Long Blades    | |  2.6
Armour         | |  1.7
Invocations    | |  2.2

Action                   || total
-------------------------++-------
Melee: Falchion          ||    56
Invok: Renounce Religion ||     1
 Abil: Spit Poison       ||    24
  Eat: Chunk             ||     2
Armor: Leather armour    ||    10
Dodge: Dodged            ||    35
       Rpst.: Falchion   ||    15

Table legend:
 A = Spawn XP
 B = Non-spawn XP
 C = Spawn XP percentage of total XP
 D = Spawn monster count
 E = Non-spawn monster count
 F = Spawn count percentage of total count
 G = Total turns spent on level
                    A         B        C        D         E        F      G
               +---------+---------+-------+---------+---------+-------+---------
         Total |       0 |      57 |   0.0 |       0 |      27 |   0.0 |  1454
               +---------+---------+-------+---------+---------+-------+---------
           D:1 |       0 |      57 |   0.0 |       0 |      27 |   0.0 |  1434
               +---------+---------+-------+---------+---------+-------+---------
